 Dungeon Crawl Stone Soup version 0.25.1-2-g60ff931df9 (webtiles) character file.

Game seed: 6395383785864484729

59 Ch1lls the Chopper (level 4, -1/40 HPs)
             Began as a Hill Orc Berserker on Aug 3, 2020.
             Was a Believer of Trog.
             Slain by an adder (4 damage)
             ... on level 2 of the Dungeon.
             The game lasted 00:06:17 (1183 turns).

Ch1lls the Chopper (Hill Orc Berserker)             Turns: 1183, Time: 00:06:20

Health: -1/40      AC:  6    Str: 20    XL:     4   Next: 3%
Magic:  4/4        EV: 10    Int:  7    God:    Trog [**....]
Gold:   50         SH:  0    Dex: 10    Spells: 3/3 levels left

rFire    . . .     SeeInvis .   a - +0 hand axe
rCold    . . .     Gourm    .   (no shield)
rNeg     . . .     Faith    .   e - +0 scale mail
rPois    .         Spirit   .   (no helmet)
rElec    .         Reflect  .   (no cloak)
rCorr    .         Harm     .   (no gloves)
MR       .....                  (no boots)
Stlth    ..........             (no amulet)
HPRegen  0.13/turn              (no ring)
MPRegen  0.09/turn              (no ring)

@: no status effects
A: no striking features
a: Berserk, Trog's Hand, Renounce Religion


You were on level 2 of the Dungeon.
You worshipped Trog.
Trog was pleased with you.
You were very hungry.

You visited 1 branch of the dungeon, and saw 2 of its levels.

You collected 50 gold pieces.

Inventory:

Hand Weapons
 a - a +0 hand axe (weapon)
Armour
 b - a +0 animal skin
 e - a +0 scale mail (worn)
Scrolls
 f - a scroll of immolation {unknown}
 g - 2 scrolls of remove curse {unknown}
 j - a scroll of enchant armour {unknown}
Potions
 d - a potion of curing {unknown}
 h - 2 potions of might {unknown}
 i - 2 potions of ambrosia {unknown}
Comestibles
 c - a ration
 k - 2 chunks of flesh


   Skills:
 + Level 4.1 Fighting
 + Level 5.2 Axes
 + Level 2.7 Armour
 + Level 2.0 Dodging


You had 3 spell levels left.
You didn't know any spells.
Your spell library was empty.

Dungeon Overview and Level Annotations

Branches:
Dungeon (2/15)

Altars:


Message History

The hobgoblin is severely wounded.
You hit the adder. The adder bites you but does no damage.
The hobgoblin barely misses you.
You hit the hobgoblin but do no damage.
The hobgoblin is heavily wounded.
Your scale mail prevents you from hitting the adder.
The adder barely misses you. The hobgoblin barely misses you.
The adder barely misses you.
You barely miss the hobgoblin.
The hobgoblin is heavily wounded.
You closely miss the adder. The hobgoblin hits you with a +0 club.
* * * LOW HITPOINT WARNING * * *
The adder barely misses you.
You barely miss the hobgoblin.
The hobgoblin is heavily wounded.
You miss the adder. The adder closely misses you.
The hobgoblin hits you with a +0 club.
* * * LOW HITPOINT WARNING * * *
The adder bites you.
You die...

.# #.. ... .#
#.#### ... .#
#.[.. ..#
.#####..#### #.#
.##......... #.#
.#......# #.###.#
.......<# #.....#
######### #####S##
).## #.$g@..#
#).## #.###..#
..#.## #..#..###
#..#.## #.###..#
....#.## ..#..###
..#..#.## ..###..#
##.#..#.##..#..###
.##.#..#.#####..#
####.#..#.##..###


You could see an adder and a hobgoblin.

Vanquished Creatures
  An adder (D:2)
  A shadow imp (D:2)
  2 worms (D:2)
  3 bats (D:1)
  2 giant cockroaches
  6 hobgoblins
  2 jackals (D:1)
  A quokka (D:2)
  3 frilled lizards
  3 goblins
  7 kobolds
  6 rats
37 creatures vanquished.

Vanquished Creatures (others)
  A worm (D:2)
1 creature vanquished.

Grand Total: 38 creatures vanquished

Notes
Turn   | Place    | Note
-------+----------+-------------------------------------------
     0 | D:1      | Ch1lls the Hill Orc Berserker began the quest for the Orb.
     0 | D:1      | Reached XP level 1. HP: 19/19 MP: 1/1
   148 | D:1      | Reached XP level 2. HP: 8/27 MP: 2/2
   812 | D:2      | Reached XP level 3. HP: 33/33 MP: 3/3
   864 | D:2      | Reached ** piety under Trog
   976 | D:2      | Reached skill level 5 in Axes
   993 | D:2      | HP: 1/33 [poisoned by an adder]
  1087 | D:2      | Reached XP level 4. HP: 8/40 MP: 4/4
  1183 | D:2      | Slain by an adder

Illustrated notes

Levels and vault maps discovered:
D:1:      dpeg_arrival_pond, layout_loops_ring
D:2:      minmay_razor_zed, layout_loops_ring, fiery_altar_vehumet,
          kennysheep_another_room, grunt_gozag_statues, uniq_sigmund, uniq_robin

Skill      XL: |  1  2  3 |
---------------+----------+-----
Fighting       | 4 |  4.1
Axes           | 5 |  5.2
Dodging        | 2 |  2.0
Armour         | |  2.7

Action                   |  1- 3 |  4- 6 || total
-------------------------+-------+-------++-------
Melee: Hand axe          |   139 |    15 ||   154
Armor: Scale mail        |    52 |     3 ||    55
       Animal skin       |     4 |       ||     4
Dodge: Dodged            |    67 |     9 ||    76
